 Dungeon Crawl Stone Soup version 0.16.1-51-g6203257 (webtiles) character file.

3339 MiaIshata the Quickloader (level 10, -9/76 HPs)
             Began as a Formicid Hunter on Aug 3, 2015.
             Was an Initiate of Ru.
             Killed from afar by Dowan (11 damage)
             ... with a shard of ice
             ... on level 8 of the Dungeon.
             The game lasted 00:46:23 (7240 turns).

MiaIshata the Quickloader (Formicid Hunter)         Turns: 7240, Time: 00:46:23

Health: -9/76      AC:  7    Str: 17    XL:     10   Next: 22%
Magic:  13/13      EV:  2    Int: 11    God:    Ru [......]
Gold:   446        SH:  0    Dex: 14    Spells: 0 memorised, 9 levels left

rFire  . . .     SeeInvis +     b - +2 hand crossbow
rCold  . . .     Clarity  .     z - +1 ring mail of Hochuym {rElec}
rNeg   + + +     SustAb   +     (no shield)
rPois  ∞         Gourm    .     (helmet unavailable)
rElec  +         Spirit   .     (no cloak)
rCorr  .         Warding  .     (no gloves)
rMut   .         Stasis   +     (no boots)
MR     +....                    (no amulet)
Stlth  ++++......               t - ring of stealth
                                c - ring of sustain abilities

@: petrified, somewhat resistant to hostile enchantments, stealthy
A: permanent stasis, dig shafts and tunnels, four strong arms, antennae 3
a: Dig, Shaft Self, Sacrifice Stealth, Sacrifice Durability, Sacrifice Health,
Reject Sacrifices, Renounce Religion


You were on level 8 of the Dungeon.
You worshipped Ru.
Ru was noncommittal.
You were not hungry.

You visited 2 branches of the dungeon, and saw 9 of its levels.

You collected 446 gold pieces.

Inventory:

Hand weapons
 a - a +0 short sword
 b - a +2 hand crossbow (weapon)
 F - a +0 shortbow
Missiles
 d - 57 bolts (quivered)
 l - 20 bolts of penetration
 G - 20 arrows
 K - 14 bolts of flame
Armour
 g - a +2 ring mail
 z - the +1 ring mail of Hochuym (worn) {rElec}
   (You found it on level 5 of the Dungeon)

   It insulates you from electricity.
Jewellery
 c - a ring of sustain abilities (left hand)
 e - an uncursed amulet of faith
 h - a cursed ring of flight {unknown}
 t - a ring of stealth (right hand)
 H - a cursed ring of sustain abilities
Magical devices
 n - a wand of random effects (8)
 p - a wand of polymorph (12)
 q - a wand of flame (40)
Scrolls
 m - a scroll of enchant armour
 o - 3 scrolls of remove curse
 x - a scroll of magic mapping
 y - 3 scrolls of identify
 C - a scroll of amnesia
Potions
 i - a potion of cancellation {unknown}
 j - a potion of resistance {unknown}
 u - 2 potions of restore abilities {unknown}
 v - 2 potions of lignification {unknown}
 B - a potion of haste
 E - a potion of flight
Books
 r - a book of Clouds

   Spells                             Type                      Level
   a - Mephitic Cloud                 Conjuration/Poison/Air       3
   b - Conjure Flame                  Conjuration/Fire             3
   c - Poisonous Cloud                Conjuration/Poison/Air       6
   d - Freezing Cloud                 Conjuration/Ice/Air          6
   e - Ring of Flames                 Charms/Fire                  7
 w - a book of Hinderance

   Spells                             Type                      Level
   a - Confusing Touch                Hexes                        2
   b - Confuse                        Hexes                        3
   c - Petrify                        Transmutation/Earth          4
   d - Metabolic Englaciation         Hexes/Ice                    5
   e - Gell's Gravitas                Hexes/Translocation          5
   f - Summon Mana Viper              Hexes/Summoning              5
 A - a book of Annihilations {highlevel, unknown}

   This book is beyond your current level of understanding.

   Spells                             Type                      Level
   a - Poison Arrow                   Conjuration/Poison           6
   b - Chain Lightning                Conjuration/Air              8
   c - Lehudib's Crystal Spear        Conjuration/Earth            8
   d - Glaciate                       Conjuration/Ice              9
   e - Fire Storm                     Conjuration/Fire             9
Comestibles
 f - 5 bread rations
 k - 4 meat rations
 I - a beef jerky
 J - a royal jelly


   Skills:
 * Level 6.3 Fighting
 + Level 0.4 Short Blades
 + Level 10.4 Crossbows
 + Level 4.9 Armour
 + Level 4.2 Dodging
 * Level 7.0 Stealth


You had 9 spell levels left.
You didn't know any spells.

Dungeon Overview and Level Annotations

Branches:
Dungeon (8/15)             Temple (1/1) D:4
   Lair: D:8-11

Altars:
Ashenzari
Cheibriados
Dithmenos
Elyvilon
Fedhas
Gozag
Kikubaaqudgha
Makhleb
Nemelex Xobeh
Okawaru
Qazlal
Ru
Sif Muna
Trog
Vehumet
Xom
Yredelemnul
Zin
The Shining One

Shops:
D:6 *

Annotations:
D:8 Dowan


Innate Abilities, Weirdness & Mutations

You are under a permanent stasis effect.
You can dig through walls and to a lower floor.
Your four strong arms can wield two-handed weapons with a shield.
You have a pair of large antennae on your head (SInv).


Message History

There are monsters nearby!
Drink which item? (? for menu, Esc to quit)
It was a potion of haste.
Your stasis keeps you stable.
Dowan misses you. The basilisk gazes at you.
You are slowing down.
The crocodile barely misses you. The basilisk gazes at you.
You easily resist.
Dowan hits you with a mace.
* * * LOW HITPOINT WARNING * * *
Your limbs are stiffening.
Dowan hits you but does no damage. The crocodile bites you!
* * * LOW HITPOINT WARNING * * *
You have turned to stone.
Dowan barely misses you. The crocodile completely misses you.
Dowan hits you with a mace. The basilisk bites you!
* * * LOW HITPOINT WARNING * * *
Dowan points at you and mumbles some strange words.
The shard of ice hits you!
You die...

#.........####..
##.......## #..#
#......## #..# .
##.....#####..# ..(
#........>..# ....
#...#.......# #.(...
..............####.>(....
##........l...).....c....
##......@t..............
#.......e[.............#
#...............(.....(#
#.........(............#
#..†.........(####.....
.(....###...## .... .....
##..# ((( ..#. ..(.# .
.## ....#


You could see a basilisk (inner flame), a crocodile (inner flame) and Dowan
(inner flame).

Vanquished Creatures
  The ghost of ulrikemeinhof the Covered, an experienced GrFi of Okawaru (D:6)
  Edmund (D:7)
  A water moccasin (D:6)
  The ghost of ulrikemeinhof the Magician, an average DEFE of Vehumet (D:5)
  A wasp (D:6)
  An orc warrior (D:6)
  3 centaurs
  3 ogres
  Duvessa (D:8)
  2 giant frogs (D:7)
  2 phantoms
  Blork the orc (D:7)
  A scorpion (D:5)
  8 killer bees
  A quasit (D:8)
  5 crimson imps
  A centaur zombie (D:7)
  4 orc priests
  4 jellies
  A centaur skeleton (D:6)
  4 hounds
  An iguana (D:6)
  6 orc wizards
  6 worker ants
  Ijyb (D:5)
  A hound zombie (D:5)
  Robin (D:3)
  8 adders
  4 gnolls (D:6)
  A giant mite (D:4)
  2 worms (D:2)
  2 adder zombies
  An adder skeleton (D:6)
  5 giant geckos
  2 oozes (D:4)
  21 orcs
  2 bat skeletons
  A bat zombie (D:6)
  2 giant cockroaches
  11 hobgoblins
  16 jackals
  16 kobolds
  4 quokkas
  A ball python (D:5)
  12 bats
  3 giant newts
  18 goblins
  10 rats
205 creatures vanquished.

Vanquished Creatures (others)
  6 plants (D:8)
6 creatures vanquished.

Grand Total: 211 creatures vanquished

Notes
Turn   | Place    | Note
--------------------------------------------------------------
     0 | D:1      | MiaIshata, the Formicid Hunter, began the quest for the Orb.
     0 | D:1      | Reached XP level 1. HP: 16/16 MP: 1/1
   202 | D:1      | Reached XP level 2. HP: 22/22 MP: 3/3
   358 | D:1      | You fall through a shaft!
   363 | D:2      | Reached XP level 3. HP: 23/27 MP: 4/4
   509 | D:2      | Reached XP level 4. HP: 34/34 MP: 5/5
   989 | D:2      | Reached skill level 5 in Crossbows
  1015 | D:3      | Noticed Robin
  1023 | D:3      | Killed Robin
  1060 | D:3      | Reached XP level 5. HP: 39/39 MP: 7/7
  1171 | D:3      | Reached skill level 1 in Armour
  1275 | D:3      | Noticed an ogre
  1278 | D:3      | Killed an ogre
  1278 | D:3      | Reached XP level 6. HP: 45/47 MP: 8/8
  2188 | D:4      | Reached skill level 6 in Crossbows
  2188 | D:4      | Reached XP level 7. HP: 51/53 MP: 9/9
  2233 | D:4      | Found a staircase to the Ecumenical Temple.
  2242 | Temple   | Entered the Ecumenical Temple
  2419 | Temple   | Became a worshipper of Ru the Awakened
  2892 | D:5      | Entered Level 5 of the Dungeon
  2892 | D:5      | Noticed ulrikemeinhof's ghost (average DEFE)
  2904 | D:5      | Killed ulrikemeinhof's ghost
  2925 | D:5      | Got a slimy ring mail
  2927 | D:5      | Identified the +1 ring mail of Hochuym {rElec} (You found it on level 5 of the Dungeon)
  3080 | D:5      | Found a white marble altar of Elyvilon.
  3134 | D:5      | Noticed Ijyb
  3145 | D:5      | Killed Ijyb
  3301 | D:5      | Reached skill level 7 in Crossbows
  3301 | D:5      | Reached XP level 8. HP: 50/60 MP: 11/11
  3968 | D:6      | Reached skill level 8 in Crossbows
  4350 | D:6      | Noticed ulrikemeinhof's ghost (experienced GrFi)
  4409 | D:6      | Killed ulrikemeinhof's ghost
  4690 | D:6      | Reached XP level 9. HP: 67/67 MP: 12/12
  4712 | D:6      | Reached skill level 5 in Fighting
  4770 | D:6      | Found Peajoa's Serpentskin Sales.
  4782 | D:6      | Reached skill level 5 in Stealth
  5049 | D:6      | Reached skill level 9 in Crossbows
  5542 | D:7      | Noticed Edmund
  5548 | D:7      | Killed Edmund
  5790 | D:7      | Noticed Blork the orc
  5801 | D:7      | Killed Blork the orc
  6078 | D:7      | Reached skill level 10 in Crossbows
  6266 | D:7      | Reached XP level 10. HP: 49/76 MP: 13/13
  7213 | D:8      | Noticed Duvessa
  7218 | D:8      | Killed Duvessa
  7223 | D:8      | Noticed Dowan
  7240 | D:8      | HP: 2/76 [basilisk (6)]
  7240 | D:8      | Killed from afar by Dowan

Action                   |  1- 3 |  4- 6 |  7- 9 | 10-12 || total
-------------------------+-------+-------+-------+-------++-------
Melee: Short sword       |    12 |    23 |       |       ||    35
 Fire: Hand crossbow     |    39 |   116 |   385 |    94 ||   634
 Abil: Dig               |       |     1 |     1 |       ||     2
  Use: Scroll            |     7 |     6 |     7 |     4 ||    24
       Potion            |     2 |     1 |     7 |     5 ||    15
  Eat: Meat ration       |       |     1 |     1 |       ||     2
       Bread ration      |       |       |     3 |       ||     3
       Pizza             |       |       |     1 |       ||     1
